[Event "Swedish Chess Championship 2019: Klass 1"]
[Site "Stiga Sports Arena, Arenatorget 1, Eskilstuna, Sweden"]
[Date "2019.07.09"]
[Round "2.7"]
[White "Akerlund, Fredrik"]
[Black "Magnussen, Pal"]
[Result "1/2-1/2"]
[TimeControl "90 minutes for 40 moves + 30 minutes for the rest of the game + 30 seconds per move from move one"]
[WhiteFideId "1722867"]
[BlackFideId "1711814"]
[WhiteElo "1815"]
[BlackElo "1985"]

1. e4 e5 2. Nf3 Nc6 3. Bc4 Bc5 4. c3 Nf6 5. d4 exd4 6. cxd4 Bb4+ 7. Bd2 O-O 8. d5 Bxd2+ 9. Nbxd2 Ne7 10.
O-O d6 11. Re1 c6 12. dxc6 Nxc6 13. Rc1 d5 14. exd5 Nxd5 15. Ne4 Nb6 16. Bf1 Qc7 17. b4 a6 18. a3 Bg4 19. h3 Rad8 20.
Qb3 Be6 21. Qc2 Qf4 22. Qc5 Nd7 23. Qe3 Qxe3 24. Rxe3 Bd5 25. Ned2 Nf6 26. Nc4 Bxf3 27. Rxf3 Rd4 28. Rd3 b5 29.
Nb2 Rxd3 30. Nxd3 Nd4 31. Nc5 g6 32. f3 Rd8 33. Kf2 h5 34. h4 Nf5 35. Rc2 Rd6 36. g3 Kg7 37. a4 bxa4 38.
Bxa6 Rb6 39. b5 Kf8 40. Nxa4 Rb8 41. b6 Nd6 42. Rc7 Nd5 43. Rc6 Ke7 44. Bc4 1/2-1/2

[Event "Swedish Chess Championship 2019: Klass 1"]
[Site "Stiga Sports Arena, Arenatorget 1, Eskilstuna, Sweden"]
[Date "2019.07.10"]
[Round "3.8"]
[White "Karlsson, Roger"]
[Black "Muganlinskij, Hussein"]
[Result "0-1"]
[TimeControl "90 minutes for 40 moves + 30 minutes for the rest of the game + 30 seconds per move from move one"]
[WhiteFideId "1716034"]
[BlackFideId "1722581"]
[WhiteElo "1915"]
[BlackElo "2022"]

1. e4 c6 2. d4 d5 3. e5 c5 4. c3 Nc6 5.
f4 cxd4 6. cxd4 Nh6 7. Bb5 e6 8. Nf3 Nf5 9. g4 Nh4 10. O-O h5 11. Nxh4 Qxh4 12. g5 Bd7 13. Be2 Rc8 14. Be3 Qh3 15.
Rf3 Qf5 16. Bd3 Qg4+ 17. Kh1 Nxd4 18. Bxd4 Rc1 19. Qxc1 Qxf3+ 20. Kg1 Qxd3 21. Bxa7 Bc6 22. Qd2 Qc4 23. Nc3 Bc5+ 24. Bxc5 Qxc5+ 25. Qf2 Qc4 26. Rd1 O-O 27. Qd4 Qa6 28. Rf1 g6 29. Rf2 Rc8 30. b3 Bd7 31. Rf3 Qa3 32. Rf1 Qb2 33. Nb5 Qe2 34.
Nd6 Qg4+ 35. Kh1 Rc2 36. Qg1 Qe2 0-1

[Event "Swedish Chess Championship 2019: Klass 1"]
[Site "Stiga Sports Arena, Arenatorget 1, Eskilstuna, Sweden"]
[Date "2019.07.11"]
[Round "4.2"]
[White "Kardell, Mathias"]
[Black "Lyngsjo, Hakan"]
[Result "1/2-1/2"]
[TimeControl "90 minutes for 40 moves + 30 minutes for the rest of the game + 30 seconds per move from move one"]
[WhiteFideId "1710109"]
[BlackFideId "1701649"]
[WhiteElo "2064"]
[BlackElo "2029"]

1. e4 Nf6 2. e5 Nd5 3. d4 d6 4. Nf3 dxe5 5. Nxe5 c6 6. c4 Nc7 7. Nc3 Nd7 8. f4 Nxe5 9. fxe5 g6 10. Be2 Bg7 11. Ne4 Ne6 12. Be3 Qa5+ 13.
Qd2 Qxd2+ 14. Kxd2 O-O 15. Rad1 Rd8 16. Kc1 b6 17. d5 cxd5 18. cxd5 Nc7 19. d6 exd6 20. exd6 Ne6 21. Ng5 Be5 22.
Bf3 Rb8 23. Rd5 Bxd6 24. Rhd1 Be7 25. Rxd8+ Bxd8 26. Ne4 Be7 27. Bf2 Bb7 28. Rd7 Rc8+ 29. Kb1 Rc7 30. Rxc7 Nxc7 31. Nf6+ Bxf6 32.
Bxb7 Be5 33. h3 Kf8 34. a4 Ne6 35. a5 Bd4 36. Be1 Ke7 37. axb6 axb6 38. Bg3 f5 39. Kc2 f4 40. Be1 Kd6 41.
b4 Ke5 42. Kd3 g5 43. Bf3 Nc7 44. h4 h6 45. hxg5 hxg5 46. g3 Be3 47. Bc3+ Kf5 48. Bc6 g4 49. Bd7+ Kg5 50. Bc6 Bc1 51.
Be5 Ne6 52. Bd7 Nf8 53. Bc6 Ng6 54. Bc7 fxg3 55. Bxg3 Bf4 56. Bxf4+ Kxf4 57. Be8 g3 58. Ke2 Ne5 59. Bb5 Ng4 60.
Bc6 Ne3 61. Bd7 Nc2 62. b5 Nd4+ 63. Kf1 Ke5 64. Kg2 Kd6 65. Be8 Nf5 66. Bc6 Kc5 67. Kh3 Nd4 68. Be8 Nxb5 69. Kxg3 Nd4 70.
Kf2 Nc6 71. Ke2 b5 72. Kd2 b4 1/2-1/2

[Event "Swedish Chess Championship 2019: Klass 1"]
[Site "Stiga Sports Arena, Arenatorget 1, Eskilstuna, Sweden"]
[Date "2019.07.12"]
[Round "5.5"]
[White "Muganlinskij, Hussein"]
[Black "Arvidsson, Jonas"]
[Result "1-0"]
[TimeControl "90 minutes for 40 moves + 30 minutes for the rest of the game + 30 seconds per move from move one"]
[WhiteFideId "1722581"]
[BlackFideId "1717839"]
[WhiteElo "2022"]
[BlackElo "1965"]

1. d4 Nf6 2. Bg5 e6 3. Nf3 d5 4. Nbd2 Be7 5. e3 O-O 6. Bd3 c5 7. c3 Nbd7 8. O-O a6 9. Rc1 b6 10.
Qa4 Bb7 11. Ne5 b5 12. Qd1 h6 13. Bh4 Ne4 14. Bxe7 Qxe7 15. f4 Ndf6 16. Bxe4 Nxe4 17. Nd3 cxd4 18. cxd4 Rfc8 19. Nxe4 dxe4 20.
Rxc8+ Rxc8 21. Nc5 Bd5 22. a3 a5 23. Qh5 f5 24. g4 Qf7 25. Qxf7+ Kxf7 26. h3 a4 27. Rc1 g6 28. Rc3 g5 29.
Nxe4 Rxc3 30. Nxc3 Bc4 31. Kf2 Kf6 32. Kg3 Kg6 33. e4 Bf1 34. h4 fxg4 35. hxg5 h5 36. Kh4 Bc4 37. Nd1 Bd3 38.
Nc3 Bc4 39. d5 exd5 40. f5+ Kf7 41. Nxd5 Bd3 42. Nf6 Bc2 43. Kg3 Bd3 44. Kf4 Ke8 1-0

[Event "Swedish Chess Championship 2019: Klass 1"]
[Site "Stiga Sports Arena, Arenatorget 1, Eskilstuna, Sweden"]
[Date "2019.07.13"]
[Round "6.8"]
[White "Carnstam, Tomas"]
[Black "Thollin, Robert"]
[Result "1/2-1/2"]
[TimeControl "90 minutes for 40 moves + 30 minutes for the rest of the game + 30 seconds per move from move one"]
[WhiteFideId "1707221"]
[BlackFideId "1701630"]
[WhiteElo "1967"]
[BlackElo "1983"]

1. c4 c5 2. Nc3 Nf6 3. e3 g6 4. d4 cxd4 5. exd4 Bg7 6. Nf3 O-O 7. Bd3 d5 8. cxd5 Nxd5 9. O-O Nc6 10.
Be3 Bg4 11. h3 Bxf3 12. Qxf3 Ndb4 13. Be4 f5 14. Bxc6 Nxc6 15. d5 Ne5 16. Qd1 Nc4 17. Qb3 Nxe3 18. fxe3 Bxc3 19. bxc3 b6 20. c4 Qd6 21. Qd3 Rac8 22. Rad1 Rf6 23. Rf4 Qc5 24. Kh1 Kg7 25. Rdf1 e5 26.
dxe6 Rxe6 27. e4 Qxc4 28. Qd7+ Kh6 29. exf5 Re4 30. Qxc8 Qxc8 31. Rxe4 gxf5 1/2-1/2

[Event "Swedish Chess Championship 2019: Klass 1"]
[Site "Stiga Sports Arena, Arenatorget 1, Eskilstuna, Sweden"]
[Date "2019.07.14"]
[Round "7.3"]
[White "Forsberg, Andre"]
[Black "Lyngsjo, Hakan"]
[Result "1/2-1/2"]
[TimeControl "90 minutes for 40 moves + 30 minutes for the rest of the game + 30 seconds per move from move one"]
[WhiteFideId "1724193"]
[BlackFideId "1701649"]
[WhiteElo "1982"]
[BlackElo "2029"]

1. e4 Nf6 2. e5 Nd5 3. d4 d6 4. Nf3 dxe5 5.
Nxe5 Nd7 6. Nxf7 Kxf7 7. Qh5+ Ke6 8. Qg4+ Kf7 9. Qh5+ Ke6 10. Qg4+ Kf7 1/2-1/2

[Event "Swedish Chess Championship 2019: Klass 1"]
[Site "Stiga Sports Arena, Arenatorget 1, Eskilstuna, Sweden"]
[Date "2019.07.14"]
[Round "7.5"]
[White "Willinger, Tim"]
[Black "Muganlinskij, Hussein"]
[Result "1/2-1/2"]
[TimeControl "90 minutes for 40 moves + 30 minutes for the rest of the game + 30 seconds per move from move one"]
[WhiteFideId "1739336"]
[BlackFideId "1722581"]
[WhiteElo "2053"]
[BlackElo "2022"]

1. d4 d5 2. c4 c6 3. Nc3 Nf6 4. cxd5 cxd5 5. Bf4 Nc6 6. e3 g6 7. Bd3 Bg7 8. h3 O-O 9. Nf3 Nd7 10.
Be2 e5 11. dxe5 Ndxe5 12. O-O Nc4 13. Rc1 Nxb2 14. Qxd5 Be6 15. Qb5 Qb6 16. Ng5 Qxb5 17. Bxb5 Bc4 18. Bxc4 Nxc4 19. Nce4 N6e5 20.
Bxe5 Nxe5 21. Rc7 h6 22.
Nf3 Nxf3+ 23. gxf3 b5 24. Rd1 Rfc8 25. Rb7 Rcb8 26. Rdd7 Rxb7 27. Rxb7 a6 28.
Nc5 b4 29. f4 a5 30. Nd7 Bc3 31. Nb6 Rd8 32. Ra7 Kg7 33. Nd7 a4 34. Nc5 Rd1+ 35.
Kg2 a3 36. Ne4 Ra1 37. Nd6 Rxa2 38. Rxf7+ Kg8 39. Rb7 Rd2 40. Nc4 a2 41. Ra7
Rd1 42. Rxa2 b3 43. Ra8+ Kg7 44. Rb8 b2 45. Rb7+ Kg8 46. Rb8+ Kg7 47. Rb7+ Kg8 {times in the PGN file are wrong}
1/2-1/2